2994 views
Uploaded 2020-03-18 19:40:16
Game version 1.32.3
5:41 long 4on4 ladder game on (8)GoldRush
Saved by BEARAND
2994 views
Uploaded 2020-03-18 19:40:16
Game version 1.32.3
5:41 long 4on4 ladder game on (8)GoldRush


60 units @ 5.8k
/ 0k
54 buildings @ 5.4k
/ 2k

| Peasant | 14 | 1050 | / | 0 |
| total: | 14 | 1050g | / | 0w |
| Scout Tower | 20 | 600 | / | 400 |
| Arcane Tower | 1 | 70 | / | 50 |
| Guard Tower | 11 | 770 | / | 550 |
| Altar of Kings | 1 | 180 | / | 50 |
| Farm | 4 | 320 | / | 80 |
| Lumber Mill | 1 | 120 | / | 0 |
| Arcane Vault | 1 | 130 | / | 30 |
| Keep | 1 | 320 | / | 210 |
| total: | 27 | 1350g | / | 560w |
| 0:02 | Peasant |
| 0:02 | Peasant |
| 0:07 | Altar of Kings |
| 0:13 | Peasant |
| 0:18 | Farm |
| 0:20 | Peasant |
| 0:29 | Peasant |
| 0:41 | Peasant |
| 0:45 | Lumber Mill |
| 1:24 | Peasant |
| 1:33 | Farm |
| 1:35 | Peasant |
| 1:35 | Peasant |
| 1:40 | Scout Tower |
| 1:52 | Scout Tower |
| 1:56 | Scout Tower |
| 2:01 | Peasant |
| 2:01 | Peasant |
| 2:01 | Peasant |
| 2:11 | Blizzard |
| 2:20 | Arcane Tower |
| 2:22 | Scout Tower |
| 2:36 | Scout Tower |
| 2:39 | Scout Tower |
| 2:58 | Guard Tower |
| 2:59 | Scout Tower |
| 3:00 | Scout Tower |
| 3:16 | Peasant |
| 3:17 | Peasant |
| 3:18 | Improved Masonry |
| 3:24 | Guard Tower |
| 3:26 | Scout Tower |
| 3:27 | Scout Tower |
| 3:50 | Guard Tower |
| 3:50 | Guard Tower |
| 3:56 | Scout Tower |
| 3:56 | Scout Tower |
| 4:27 | Guard Tower |
| 4:31 | Guard Tower |
| 4:32 | Arcane Vault |
| 4:34 | Scout Tower |
| 4:34 | Scout Tower |
| 4:36 | Keep |
| 4:41 | Farm |
| 4:41 | Farm |
| 4:43 | Scout Tower |
| 4:43 | Scout Tower |
| 4:45 | Scout Tower |
| 5:02 | Guard Tower |
| 5:03 | Scout Tower |
| 5:16 | Guard Tower |
| 5:18 | Scout Tower |
| 5:18 | Scout Tower |
| 5:39 | Guard Tower |
| Right click | 456 |
| Select | 114 |
| Build/train/purchase | 35 |
| Chat | 10 |
| Assign group | 6 |
| Use ability | 6 |
| Minimap ping | 2 |
| Select group | 1 |

| Rod of Necromancy | 1 | 150 |
| Sacrificial Skull | 1 | 50 |
| total: | 2 | 200g |
| Acolyte | 2 | 150 | / | 0 |
| Ghoul | 11 | 1320 | / | 0 |
| total: | 13 | 1470g | / | 0w |
| Nerubian Tower | 1 | 100 | / | 20 |
| Spirit Tower | 1 | 145 | / | 40 |
| Crypt | 1 | 200 | / | 50 |
| Altar of Darkness | 1 | 180 | / | 50 |
| Ziggurat | 2 | 300 | / | 100 |
| Tomb of Relics | 1 | 130 | / | 30 |
| Graveyard | 1 | 215 | / | 0 |
| Necropolis | 1 | 225 | / | 0 |
| Halls of the Dead | 2 | 640 | / | 420 |
| total: | 7 | 1250g | / | 230w |
| 0:04 | Acolyte |
| 0:08 | Crypt |
| 0:15 | Altar of Darkness |
| 0:16 | Acolyte |
| 0:35 | Ziggurat |
| 0:55 | Tomb of Relics |
| 1:09 | Ghoul |
| 1:28 | Ziggurat |
| 1:30 | Nerubian Tower |
| 1:37 | Ghoul |
| 1:52 | Ghoul |
| 2:05 | Ghoul |
| 2:24 | Rod of Necromancy |
| 2:25 | Sacrificial Skull |
| 2:29 | Death Coil |
| 2:34 | Ghoul |
| 3:01 | Graveyard |
| 3:36 | Ghoul |
| 3:36 | Ghoul |
| 3:36 | Ghoul |
| 4:08 | Ghoul |
| 4:08 | Ghoul |
| 4:32 | Ghoul |
| 4:45 | Unholy Aura |
| 4:53 | Halls of the Dead |
| 4:57 | Spirit Tower |
| 5:22 | Necropolis |
| Right click | 268 |
| Select group | 146 |
| Select | 74 |
| Build/train/purchase | 30 |
| Misc. action | 12 |
| Assign group | 8 |
| Use ability | 6 |
| Chat | 6 |
| Resource trade | 4 |
| Esc | 2 |

| Healing Salve | 2 | 200 |
| Lesser Clarity Potion | 2 | 140 |
| total: | 4 | 340g |
| Peon | 14 | 1050 | / | 0 |
| total: | 14 | 1050g | / | 0w |
| Watch Tower | 10 | 1100 | / | 800 |
| Altar of Storms | 1 | 180 | / | 50 |
| Orc Burrow | 2 | 320 | / | 80 |
| War Mill | 1 | 205 | / | 0 |
| Voodoo Lounge | 1 | 130 | / | 30 |
| Stronghold | 1 | 315 | / | 190 |
| total: | 15 | 1935g | / | 960w |
| 0:01 | Peon |
| 0:04 | Altar of Storms |
| 0:09 | Peon |
| 0:17 | Orc Burrow |
| 0:19 | Peon |
| 0:39 | War Mill |
| 0:47 | Peon |
| 0:47 | Peon |
| 0:56 | Peon |
| 1:16 | Peon |
| 1:23 | Peon |
| 1:31 | Peon |
| 1:52 | Watch Tower |
| 2:03 | Voodoo Lounge |
| 2:07 | Wind Walk |
| 2:08 | Peon |
| 2:13 | Orc Burrow |
| 2:30 | Watch Tower |
| 2:35 | Peon |
| 2:51 | Watch Tower |
| 3:06 | Watch Tower |
| 3:19 | Watch Tower |
| 3:50 | Watch Tower |
| 4:04 | Healing Salve |
| 4:04 | Lesser Clarity Potion |
| 4:09 | Watch Tower |
| 4:16 | Peon |
| 4:39 | Watch Tower |
| 4:39 | Peon |
| 4:40 | Peon |
| 4:46 | Watch Tower |
| 5:08 | Watch Tower |
| 5:29 | Stronghold |
| 5:38 | Healing Salve |
| 5:38 | Lesser Clarity Potion |
| Right click | 436 |
| Select group | 109 |
| Select | 88 |
| Assign group | 57 |
| Build/train/purchase | 31 |
| Use ability | 3 |

| Acolyte | 2 | 150 | / | 0 |
| Ghoul | 17 | 2040 | / | 0 |
| total: | 19 | 2190g | / | 0w |
| Crypt | 2 | 400 | / | 100 |
| Altar of Darkness | 1 | 180 | / | 50 |
| Ziggurat | 2 | 300 | / | 100 |
| Halls of the Dead | 2 | 640 | / | 420 |
| total: | 5 | 880g | / | 250w |
| 0:01 | Acolyte |
| 0:10 | Crypt |
| 0:14 | Acolyte |
| 0:26 | Altar of Darkness |
| 0:31 | Ziggurat |
| 0:54 | Crypt |
| 1:13 | Ghoul |
| 1:28 | Ziggurat |
| 1:34 | Ghoul |
| 1:47 | Ghoul |
| 1:58 | Ghoul |
| 2:09 | Ghoul |
| 2:18 | Cannibalize |
| 2:31 | Sleep |
| 2:41 | Ghoul |
| 2:42 | Ghoul |
| 2:55 | Ghoul |
| 3:18 | Ghoul |
| 3:28 | Ghoul |
| 3:28 | Ghoul |
| 3:31 | Ghoul |
| 3:42 | Ghoul |
| 4:05 | Ghoul |
| 4:05 | Ghoul |
| 4:19 | Ghoul |
| 4:40 | Vampiric Aura |
| 4:50 | Halls of the Dead |
| 5:15 | Ghoul |
| Right click | 317 |
| Assign group | 169 |
| Select | 139 |
| Select group | 105 |
| Build/train/purchase | 61 |
| Misc. action | 19 |
| Chat | 7 |
| Use ability | 5 |
45 units @ 4.9k
/ 0.2k
26 buildings @ 4.1k
/ 1k

| Acolyte | 4 | 300 | / | 0 |
| Ghoul | 4 | 480 | / | 0 |
| total: | 8 | 780g | / | 0w |
| Spirit Tower | 2 | 290 | / | 80 |
| Crypt | 1 | 200 | / | 50 |
| Altar of Darkness | 1 | 180 | / | 50 |
| Ziggurat | 3 | 450 | / | 150 |
| Graveyard | 1 | 215 | / | 0 |
| total: | 6 | 1045g | / | 250w |
| 0:12 | Acolyte |
| 0:12 | Acolyte |
| 0:21 | Crypt |
| 0:27 | Altar of Darkness |
| 0:38 | Ziggurat |
| 1:16 | Graveyard |
| 1:27 | Ghoul |
| 1:31 | Ghoul |
| 1:57 | Ghoul |
| 1:58 | Ghoul |
| 2:08 | Ziggurat |
| 2:47 | Spirit Tower |
| 2:52 | Acolyte |
| 2:52 | Acolyte |
| 3:08 | Ziggurat |
| 3:29 | Carrion Beetles |
| 4:18 | Spirit Tower |
| Right click | 68 |
| Select | 46 |
| Misc. action | 16 |
| Build/train/purchase | 15 |
| Select group | 4 |
| Assign group | 1 |
| Esc | 1 |

| Peon | 8 | 600 | / | 0 |
| Grunt | 3 | 600 | / | 0 |
| Troll Headhunter | 1 | 140 | / | 20 |
| total: | 12 | 1340g | / | 20w |
| Altar of Storms | 1 | 180 | / | 50 |
| Orc Burrow | 3 | 480 | / | 120 |
| Barracks | 1 | 180 | / | 50 |
| War Mill | 1 | 205 | / | 0 |
| Voodoo Lounge | 1 | 130 | / | 30 |
| total: | 7 | 1175g | / | 250w |
| 0:03 | Peon |
| 0:03 | Peon |
| 0:18 | Altar of Storms |
| 0:32 | Peon |
| 0:35 | Orc Burrow |
| 0:47 | Peon |
| 1:04 | Peon |
| 1:18 | Barracks |
| 1:28 | Orc Burrow |
| 1:31 | Peon |
| 1:34 | War Mill |
| 2:23 | Grunt |
| 2:25 | Peon |
| 2:30 | Voodoo Lounge |
| 2:36 | Peon |
| 2:50 | Feral Spirit |
| 2:52 | Grunt |
| 2:59 | Orc Burrow |
| 3:19 | Grunt |
| 4:04 | Troll Headhunter |
| Select | 52 |
| Right click | 23 |
| Build/train/purchase | 16 |
| Select group | 8 |
| Minimap ping | 6 |
| Misc. action | 5 |
| Assign group | 2 |
| Use ability | 1 |

| Peasant | 12 | 900 | / | 0 |
| Footman | 4 | 540 | / | 0 |
| total: | 16 | 1440g | / | 0w |
| Barracks | 2 | 320 | / | 120 |
| Altar of Kings | 1 | 180 | / | 50 |
| Farm | 3 | 240 | / | 60 |
| Lumber Mill | 1 | 120 | / | 0 |
| total: | 7 | 860g | / | 230w |
| 0:01 | Peasant |
| 0:02 | Peasant |
| 0:13 | Peasant |
| 0:33 | Barracks |
| 0:41 | Peasant |
| 0:47 | Altar of Kings |
| 0:49 | Peasant |
| 0:52 | Farm |
| 1:02 | Barracks |
| 1:08 | Peasant |
| 1:28 | Farm |
| 1:30 | Peasant |
| 1:47 | Footman |
| 1:50 | Peasant |
| 2:02 | Farm |
| 2:06 | Footman |
| 2:06 | Footman |
| 2:23 | Footman |
| 2:34 | Lumber Mill |
| 3:18 | Blizzard |
| 3:23 | Peasant |
| 3:24 | Peasant |
| 3:44 | Peasant |
| 4:24 | Peasant |
| Right click | 225 |
| Select | 140 |
| Build/train/purchase | 23 |
| Misc. action | 20 |
| Select group | 16 |
| Use ability | 4 |
| Chat | 4 |
| Assign group | 3 |
| Minimap ping | 3 |
| Esc | 1 |

| Rod of Necromancy | 2 | 300 |
| total: | 2 | 300g |
| Acolyte | 3 | 225 | / | 0 |
| Ghoul | 2 | 240 | / | 0 |
| Crypt Fiend | 4 | 860 | / | 160 |
| total: | 9 | 1325g | / | 160w |
| Nerubian Tower | 1 | 100 | / | 20 |
| Crypt | 1 | 200 | / | 50 |
| Graveyard | 1 | 215 | / | 0 |
| Ziggurat | 2 | 300 | / | 100 |
| Altar of Darkness | 1 | 180 | / | 50 |
| Tomb of Relics | 1 | 130 | / | 30 |
| total: | 6 | 1025g | / | 230w |
| 0:06 | Acolyte |
| 0:15 | Crypt |
| 0:19 | Graveyard |
| 0:24 | Acolyte |
| 0:24 | Acolyte |
| 0:45 | Ziggurat |
| 1:03 | Altar of Darkness |
| 1:16 | Ghoul |
| 1:37 | Ghoul |
| 1:47 | Ziggurat |
| 2:03 | Crypt Fiend |
| 2:20 | Tomb of Relics |
| 2:39 | Nerubian Tower |
| 2:50 | Crypt Fiend |
| 3:12 | Crypt Fiend |
| 3:21 | Death Coil |
| 3:25 | Rod of Necromancy |
| 3:26 | Rod of Necromancy |
| 3:49 | Crypt Fiend |
| 4:52 | Unholy Aura |
| 5:32 | Death Coil |
| Right click | 232 |
| Select | 68 |
| Select group | 25 |
| Build/train/purchase | 24 |
| Assign group | 13 |
| Chat | 6 |
| Use ability | 4 |
| Minimap ping | 1 |
⇛